Cogmind - Beta 14 @@@ ROGUE MODE // 2024.10.20 @ 18:05:02 Player: toydarian Result: Destroyed by as-86337 with Assembled Maul Performance ------------- Evolutions (0) 0 Regions Visited (2) 400 Robots Destroyed (29) 145 Value Destroyed (626) 626 Prototype IDs (0) 0 Alien Tech Used (0) 0 Bonus (8) 8 TOTAL SCORE: 1179 Bonus ------- High Alert Combat Kills 8 Cogmind --------- Core Integrity 0/250 Matter 69/300 Energy 100/100 System Corruption 5% Temperature Cool (0) Movement Treading (160) Location -10/Mines Parts ------- > --- POWER (1) -------- (None) > --- PROPULSION (2) --- Light Treads > --- UTILITY (2) ------ Large Storage Unit > --- WEAPON (2) ------- (None) > --- INVENTORY (15) --- Ion Engine Ion Engine High-capacity Matter Pod (0) Hacking Suite Authchip [R/Combat] Authchip [R/Combat] Authchip [Storage] Assault Rifle Assault Rifle Grenade Launcher Peak State ------------ > --- POWER ------------ Ion Engine > --- PROPULSION ------- Light Treads Light Treads > --- UTILITY ---------- Large Storage Unit Structural Scanner > --- WEAPON ----------- Rocket Launcher Rocket Launcher > --- INVENTORY -------- Ion Engine Ion Engine Light Treads High-capacity Matter Pod Hacking Suite Authchip [R/Combat] Authchip [R/Combat] Authchip [Storage] Assault Rifle Assault Rifle Grenade Launcher Rocket Launcher Rocket Launcher [Rating: 11] Favorites ----------- Power Ion Engine Engine Ion Engine Propulsion Light Treads Treads Light Treads Utility Large Storage Unit Device Structural Scanner Storage Large Storage Unit Weapon Light Assault Rifle Energy Gun Small Laser Ballistic Gun Light Assault Rifle Launcher Grenade Launcher Build | -11 -10 -10 ------- Run | Yrd Mat Min Slots Evolved . | . . . Power . | . . . Propulsion . | . . . Utility . | . . . Weapon . | . . . Parts Attached 27 | 6 18 3 Power 2 | 1 1 . Engine 2 | 1 1 . Core . | . . . Reactor . | . . . Propulsion 3 | 2 . 1 Treads 3 | 2 . 1 Leg . | . . . Wheel . | . . . Hover . | . . . Flight . | . . . Utility 3 | 1 2 . Device 1 | . 1 . Storage 2 | 1 1 . Processor . | . . . Hackware . | . . . Protection . | . . . Artifact . | . . . Weapon 19 | 2 15 2 Energy Gun 3 | 2 1 . Energy Cannon . | . . . Ballistic Gun 8 | . 8 . Ballistic Cannon . | . . . Launcher 8 | . 6 2 Special Weapon . | . . . Impact Weapon . | . . . Slashing Weapon . | . . . Piercing Weapon . | . . . Special Melee Weapon . | . . . Unidentified Prototypes . | . . . Parts Lost 7 | . . 7 Power 1 | . . 1 Propulsion 2 | . . 2 Utility . | . . . Weapon 4 | . . 4 Highest Loss Streak 7 | . . 7 To Critical Strikes . | . . . Average Slot Usage (%) 92 | . 96 56 Engine 13 | . 14 6 Treads 26 | . 28 17 Device 10 | . 10 6 Storage 14 | . 14 14 Energy Gun 2 | . 2 . Ballistic Gun 18 | . 20 . Launcher 5 | . 4 13 Peak Build Rating 11 | 6 11 11 Average Rating 7 | 3 7 7 On Entrance 5 | . 6 11 Naked Turns . | . . . Heaviest Build 34 | 10 34 34 Greatest Support 40 | 40 40 40 Greatest Overweight (x) 1 | . . 1 Average Overweight (x) . | . . . Largest Inventory Capacity 15 | 8 15 15 Average Capacity 13 | 6 13 15 Most Carried 13 | 5 13 13 Average Carried 7 | 2 7 10 Final Capacity 15 | 8 15 15 Final Carried 13 | 1 13 10 Class Distribution -------------------- 100% | Mutant Dominant Class ---------------- Mutant | -10/Materials Mutant | -10/Mines Resources | -11 -10 -10 ----------- Run | Yrd Mat Min Matter Collected 650 | 193 451 6 Remotely . | . . . Salvage Created 563 | . 506 57 Parts 50 | . 42 8 Haulers Intercepted 1 | . 1 . Recyclers Shooed 1 | . 1 . Parts Field Recycled . | . . . Retrieved Matter . | . . . Parts Self-Destructed . | . . . Prevented . | . . . Kills | -11 -10 -10 ------- Run | Yrd Mat Min Combat Hostiles Destroyed 34 | . 16 18 Guns 9 | . 9 . AOE 25 | . 7 18 Classes Destroyed 8 | . 7 1 Worker 2 | . 2 . Builder 2 | . 2 . Hauler 1 | . 1 . Operator 2 | . 2 . Watcher 2 | . 2 . Swarmer 7 | . 3 4 Grunt 13 | . 13 . Assembled 14 | . . 14 Best Kill Streak 18 | . 5 18 Combat Bots Only 18 | . 3 18 Max Kills in Single Turn 5 | . 2 5 Gunslinging . | . . . Exploded 5 | . 2 5 Melee . | . . . Uniques/NPCs Destroyed . | . . . Combat | -11 -10 -10 -------- Run | Yrd Mat Min Hostile Shots Fired 150 | . 68 82 Missed 59 | . 28 31 Damage Taken 1351 | . 431 920 Core 261 | . 65 196 Absorbed by Shields . | . . . Core Remaining (%) 100 | 100 . . Volleys Fired 78 | . 71 7 Largest 2 | . 2 2 Hottest 66 | . 60 66 Shots Fired 138 | . 125 13 Gun 107 | . 107 . Cannon . | . . . Launcher 31 | . 18 13 Special . | . . . Kinetic 104 | . 104 . Thermal 3 | . 3 . Explosive 31 | . 18 13 Electromagnetic . | . . . Robot Hit Streak 8 | . 8 3 Robot Miss Streak 5 | . 4 5 Penetration Max . | . . . Secondary Targets . | . . . Shots Hit Robots 70 | . 66 4 Core Hits 91 | . 52 39 Critical Kills . | . . . Critical Parts Destroyed . | . . . Critical Strikes . | . . . Melee Attacks . | . . . Impact . | . . . Slashing . | . . . Piercing . | . . . Sneak Attacks . | . . . Combat Hostiles . | . . . Follow-up Attacks . | . . . Damage Inflicted 2901 | . 1615 1286 Guns 573 | . 573 . Cannons . | . . . Explosions 2294 | . 1042 1252 Melee . | . . . Ramming 34 | . . 34 Kinetic 573 | . 573 . Thermal . | . . . Explosive 2294 | . 1042 1252 Electromagnetic . | . . . Impact . | . . . Slashing . | . . . Piercing . | . . . Highest Corruption 5 | . . 5 Average Corruption 4 | . . 4 Corruption Purged . | . . . Corruption Blocked . | . . . Effects 4 | . . 4 Message Errors 1 | . . 1 Matter Fused 1 | . . 1 Parts Rejected 1 | . . 1 Alerts 1 | . . 1 Overload Shots . | . . . Overflow Damage 81 | . 10 71 Projectiles . | . . . Explosions 81 | . 10 71 Melee . | . . . Knockbacks . | . . . Impact . | . . . Kinetic . | . . . Secondary . | . . . Self-Inflicted Damage 89 | . 11 78 Shots 4 | . 1 3 Rammed 17 | . . 17 Targets Rammed 17 | . . 17 Kicked . | . . . Crushed . | . . . Highest Temperature 32 | . 24 32 Average Temperature 9 | . 9 9 Received Heat Transfer 348 | . 168 180 Siege Activations . | . . . Robots Corrupted . | . . . Combat Hostiles . | . . . Parts Fried . | . . . Impact Corruptions . | . . . Robots Melted . | . . . Combat Hostiles . | . . . Parts Melted . | . . . Heat Transferred . | . . . Parts Sabotaged . | . . . Parts Stolen . | . . . Parts Stripped . | . . . Power Chain Reactions . | . . . Alert | -11 -10 -10 ------- Run | Yrd Mat Min Peak Influence 436 | . 436 300 Initial 144 | . . 144 Average 222 | . 229 265 Maximum Alert Level 2 | . 2 1 Low Security (%) 36 | 100 36 2 Level 1 59 | . 58 97 Level 2 4 | . 4 . Level 3 . | . . . Level 4 . | . . . Level 5 . | . . . High Security . | . . . Max Security . | . . . Squads Dispatched 4 | . 4 . Investigation 2 | . 2 . Extermination . | . . . Reinforcement 2 | . 2 . Assault . | . . . Garrison . | . . . Intercept . | . . . Searches Triggered . | . . . Construction Impeded . | . . . Haulers Reinforced . | . . . Active Scanning Responses . | . . . Cargo Convoy Interrupts . | . . . Stealth | -11 -10 -10 --------- Run | Yrd Mat Min Distress Signals 2 | . 2 . Communications Jammed . | . . . Distress Signals . | . . . Times Spotted 61 | . 36 25 Peak Tracking Total 9 | . 5 9 Tactical Retreats 5 | . 3 2 Traps | -11 -10 -10 ------- Run | Yrd Mat Min Traps Triggered . | . . . Indirectly . | . . . Trap Hack Attempts . | . . . Triggered . | . . . Disarmed 6 | . 6 . Reprogrammed . | . . . Reused . | . . . Traps Extracted . | . . . Installed . | . . . Triggered . | . . . Machines | -11 -10 -10 ---------- Run | Yrd Mat Min Machines Disabled 1 | . 1 . Max in Single Turn 1 | . 1 . Machines Repaired . | . . . Machines Dismantled . | . . . Machines Sabotaged . | . . . Overloaded Fab Kills . | . . . Hacking | -11 -10 -10 --------- Run | Yrd Mat Min Machines Accessed 5 | . 5 . Terminals 5 | . 5 . Fabricators . | . . . Repair Stations . | . . . Recycling Units . | . . . Scanalyzers . | . . . Garrison Access . | . . . Total Hacks 11 | . 11 . Successful 5 | . 5 . Failed 6 | . 6 . Catastrophic . | . . . Database Lockouts . | . . . Manual 3 | . 3 . Terminals 11 | . 11 . Fabricators . | . . . Repair Stations . | . . . Recycling Units . | . . . Scanalyzers . | . . . Garrison Access . | . . . Terminal Hacks 5 | . 5 . Branch Access Points 1 | . 1 . Locate Traps 2 | . 2 . Disarm Traps 1 | . 1 . Investigation Status 1 | . 1 . Fabricator Hacks . | . . . Repair Station Hacks . | . . . Recycling Unit Hacks . | . . . Scanalyzer . | . . . Garrison Access Hacks . | . . . Unauthorized Hacks . | . . . Terminals . | . . . Fabricators . | . . . Repair Stations . | . . . Recycling Units . | . . . Scanalyzers . | . . . Garrison Access . | . . . Data Cores Recovered . | . . . Used . | . . . Hacking Detections 3 | . 3 . Full Trace Events 2 | . 2 . Feedback Events . | . . . Feedback Blocked . | . . . Robot Schematics Acquired . | . . . Robots Built . | . . . Authchips . | . . . Time . | . . . Total Robot Build Rating . | . . . Part Schematics Acquired . | . . . Parts Built . | . . . Authchips . | . . . Time . | . . . Total Part Build Rating . | . . . Parts Repaired . | . . . Time . | . . . Parts Recycled . | . . . Recycled Matter . | . . . Retrieved Matter . | . . . Retrieved Components . | . . . Parts Scanalyzed . | . . . Part Schematics Acquired . | . . . Parts Damaged . | . . . Bothacking | -11 -10 -10 ------------ Run | Yrd Mat Min Used RIF Installer . | . . . Robots Hacked . | . . . Non-combat . | . . . Combat . | . . . Robot Hacks Applied . | . . . Relay Couplers Released . | . . . Fabnet Peak Effective % . | . . . Robots Rewired . | . . . Allies Hacked . | . . . Hacks Repelled . | . . . Allies | -11 -10 -10 -------- Run | Yrd Mat Min Total Allies . | . . . Largest Group . | . . . Highest-Rated Group . | . . . Highest-Rated Ally . | . . . Total Orders . | . . . Ally Attacks . | . . . Total Damage . | . . . Kills . | . . . Allies Corrupted . | . . . Allies Melted . | . . . Intel | -11 -10 -10 ------- Run | Yrd Mat Min Robot Analysis Total . | . . . Derelict Logs Recovered 1 | . . 1 Drone Launches . | . . . Drone Recoveries . | . . . Exploration | -11 -10 -10 ------------- Run | Yrd Mat Min Turns Passed 1391 | 61 1193 137 Spaces Moved 688 | 43 598 47 Core 17 | 17 . . Treads 671 | 26 598 47 Legs . | . . . Wheels . | . . . Hover . | . . . Flight . | . . . Fastest Speed 50 | 50 160 160 Average Speed 159 | 116 160 187 Slowest Speed 240 | 160 160 240 Overloaded Moves . | . . . Propulsion Burnouts . | . . . Robots Hopped . | . . . Cave-ins Triggered . | . . . Exploration Rate (%) 37 | 3 86 24 Regions Visited 2 Branch Regions 1 Pre-discovered Areas . | . . . Known Exits Taken 1 | . 1 . Unknown Exits Taken 1 | 1 . . Scrap Searched . | . . . Spaces Dug . | . . . Terrain Destroyed 193 | . 94 99 Melee . | . . . Projectile . | . . . AOE 193 | . 94 99 Terrain Rammed . | . . . Walls Destroyed . | . . . Machines Disabled . | . . . Actions | -11 -10 -10 --------- Run | Yrd Mat Min Total 848 | 53 721 74 Wait 3 | . 3 . Move 686 | 42 597 47 Hop . | . . . Pick Up 26 | 5 21 . Fast Attach 3 | 2 1 . Attach 9 | 4 2 3 Detach 1 | . 1 . Swap 15 | . 15 . Drop 10 | . 10 . Fire 78 | . 71 7 Melee . | . . . Ram . | . . . Kick . | . . . Crush 17 | . . 17 Escape Stasis . | . . . Rewire . | . . . Trap . | . . . Miscellaneous . | . . . Route ------- -11/Scrapyard -10/Materials (discovered 4 exits: [*Mat x2] / *Min x2) -10/Mines (discovered 1 exit: [Sub]) History --------- Turn | Location | Event 4 | -11/Scrapyard | Discovered new exit (range 16) 62 | -11/Scrapyard | Entered Materials 304 | -10/Materials | Build established: Mutant 385 | -10/Materials | Discovered new exit (range 10) 387 | -10/Materials | Discovered new exit (range 11) 461 | -10/Materials | Identified exit to Mines 869 | -10/Materials | Discovered new exit (range 11) 1255 | -10/Materials | Entered Mines 1256 | -10/Mines | Assembled infested the area 1287 | -10/Mines | Discovered new exit (range 8) 1316 | -10/Mines | Destroyed 18 combat bots 1324 | -10/Mines | Core integrity fell below 50% 1347 | -10/Mines | Learned Materials terminal intel 1360 | -10/Mines | Lost 7 parts (1p2n4w) 1378 | -10/Mines | Core integrity fell below 20% 1392 | -10/Mines | Destroyed by as-86337 with Assembled Maul Last Messages --------------- 01292_ The unstable cave ceiling collapses. 01293_ Acquired 3 matter. 01295_ S-10 Pest destroyed. 01295_ Destroyed Asb. F-torch. 01295_ S-10 Pest destroyed. 01296_ The unstable cave ceiling collapses. 01314_ System corrupted: Structural Scanner rejected. 01314_ The unstable cave ceiling collapses. 01314_ Ion Engine destroyed. 01315_ The unstable cave ceiling collapses. 01320_ S-10 Pest destroyed. 01327_ Rocket Launcher destroyed. 01329_ System corrupted by crushing effect (+1). 01341_ System corrupted: Matter fused (-8). 01347_ Acquired derelict log, extracted data. Data stored: Materials terminal intel. 01359_ System corrupted: IFF burst signal emitted. 01366_ Slammed into as-86337. 01385_ 6TVN%TXYF= /C7R&Z/CCQN 01386_ Slammed into as-86337. Map ----- +----------------------------------------------------+ | ?????????????????????????????????????????????????? | | ?????????????????????????????????????????????????? | | ?????????????????????????????????????????????????? | | ?????????????????????????????????????????????????? | | ?????????????????????????????????????????????????? | | ?????????????????????????????????????????????????? | | ?????????????????????????????????????????????????? | | ?????????????????????????????????????????????????? | | ?????????????????????????????????????????????????? | | ????????????????????? ???????????????????????????? | | ???????????????????? #??????????????????????????? | | ????????????????????? #?????????????????????????? | | ????????????????????? #????????????????????????? | | ?????????????????????? #???????????????????????? | | ?????????????????????? #???????????????????????? | | ??????????????????????# ##??????????????????????? | | ??????????????????????# #??????????????????????? | | ??????????????????????? ##?????????????????????? | | ???????????????????????# #?????????????????????? | | ??????????????????????## #####?????????????????? | | ?????????????????###### ##????????????????? | | ??????????###????# #????????????????? | | ?????????## ###?# ### #?????????????????? | | ?????????# ### #?## ##?????????????????? | | ?????????# #??# ##??????????????????? | | ????????## #??# @a ##???????????????????? | | ???###### ##??# ?????????????? | | ???# ##??## #????????????? | | ??# ###### # ######????????????? | | ??# ### #?## ## #?????????????????? | | ????????## ## #??###??#?????????????????? | | ?????????# #??#?????????????????????????? | | ?????????## ## $ ?????????????????????? | | ??????????## #### #######???????????????????????? | | ??????????## ##?####?????????????????????????????? | | ??????????## ##??????????????????????????????????? | | ?????????### #####???????????????????????????????? | | ??????###### ########????????????????????????????? | | ??????##### #####????????????????????????????? | | ????#### # # ###???????????????????????????? | | ????#### #### # ###???????????????????????????? | | ????## # # # ! ###??????????????????????????? | | ????## ###??????????????????????????? | | ????## ##??????????????????????????? | | ????## ####????????????????????????? | | ????## # #??????????????????????? | | ????### ##??????????????????????? | | ????<### ### " ##??????????????????????? | | ???? ## # ##??????????????????????? | | ????## %[ ##??????????????????????? | +----------------------------------------------------+ Best States ------------- Heat Dissipation 25 Energy Generation 10 Energy Capacity 250 Matter Stores 254 Matter Capacity 300 Sight Range 16 Terrain Scan Density 10 Evasion (%) 50 Recoil Reduction 2 Authchip Count 3 Item Schematics ----------------- None Robot Schematics ------------------ None Fabricated ------------ Nothing Alien Tech Used ----------------- None Achievements -------------- Quick And Dirty Challenges ------------ None Game ------ Seed FluxGammaCharge Manual? 0 Play Time 00:16:28 Cumulative 23.1 hours Start 2024.10.20 @ 17:50:52 End 2024.10.20 @ 18:05:02 Sessions 1 Manual Loads 0 Difficulty Rogue Special Mode None Game No. 22 Rogue 15 Adventurer 0 Explorer 7 Win Type - Total 1 Types 1/0/0/0/0/0/0/0/0 Lore% 11 Gallery% 18 Achievement% 23 Wizard Run 0 Options --------- Layout 0 ASCII 0 Keyboard 0 Movement Mouse Keybinds 0 Fullscreen 1 Font 24/Terminus Map View 76x50 Zoom Use 0% Tactical HUD 1 Map Filters NONE Filters NONE Steam 1 RUN: 0ad47483-b2bb-44c0-b828-424e1957557d